Map: [G8] Ancient Cistern

Players

Creator - Winner!

  • Race: Protoss Protoss
  • Spawn Location: 7:00

HeroMarine

  • Race: Terran Terran
  • Spawn Location: 1:00

Event: Gamers8 2023

VOD

Have the link to the VOD?

Description

Time

  • Played on: Aug. 3, 2023, 11:20 a.m.
  • Length: 15:55

All games in this series

Show
View Real Time Build Order
Export as new Build Order

Creator Protoss - Winner!

Build Orders: 1 Gate Expand, Phoenix Opening 

Get SALT Encoding   

  12  0:00  Probe  
  13  0:12  Probe  
  14  0:18  Pylon  
  14  0:25  Probe (Chrono Boost)  
  15  0:36  Gateway  
  15  0:37  Probe (Chrono Boost)  
  16  0:45  Probe (Chrono Boost)  
  16  0:46  Assimilator  
  17  0:51  Probe  
  18  1:03  Probe  
  19  1:15  Probe  
  20  1:23  Cybernetics Core  
  20  1:30  Nexus  
  20  1:37  Pylon  
  20  1:40  Probe  
  20  1:45  Assimilator  
  21  1:52  Probe  
  22  1:56  Adept (Chrono Boost)  
  24  2:04  Probe  
  25  2:16  Probe  
  25  2:19  Stargate  
  25  2:20  Adept (Chrono Boost)  
  26  2:29  Probe  
  29  2:32  Warp Gate  
  29  2:37  Shield Battery  
  29  2:41  Probe  
  29  2:43  Probe  
  31  2:44  Adept  
  31  2:51  Shield Battery  
  33  2:53  Probe  
  33  2:56  Probe  
  35  3:03  Phoenix (Chrono Boost)  
  37  3:10  Probe x2  
  38  3:22  Phoenix, Probe  
  41  3:27  Probe  
  41  3:31  Pylon  
  43  3:34  Probe  
  43  3:40  Robotics Facility, Probe  
  44  3:46  Probe (Chrono Boost)  
  45  3:52  Probe (Chrono Boost)  
  45  3:55  Pylon  
  46  3:58  Probe (Chrono Boost)  
  46  4:01  Probe (Chrono Boost)  
  46  4:02  Gateway  
  48  4:03  Gateway  
  48  4:04  Probe (Chrono Boost)  
  48  4:09  Probe  
  49  4:12  Phoenix  
  52  4:17  Probe  
  52  4:20  Stalker  
  55  4:29  Immortal (Chrono Boost)  
  59  4:43  Nexus  
  59  4:46  Phoenix  
  59  4:47  Zealot  
  59  4:49  Pylon  
  59  4:51  Pylon  
  59  5:10  Stalker x2  
  59  5:11  Zealot  
  59  5:12  Probe x2  
  67  5:21  Phoenix  
  65  5:24  Probe x2  
  65  5:27  Warp Prism  
  69  5:31  Nexus  
  67  5:37  Probe x2  
  63  5:43  Zealot x2, Stalker  
  63  5:45  Assimilator  
  69  5:52  Probe x2  
  69  5:54  Phoenix (Chrono Boost)  
  73  5:58  Pylon  
  73  6:01  Assimilator  
  73  6:03  Zealot  
  73  6:04  Zealot  
  77  6:09  Probe  
  77  6:10  Pylon  
  78  6:14  Robotics Bay  
  78  6:16  Pylon  
  78  6:17  Probe  
  79  6:21  Probe  
  79  6:22  Shield Battery  
  80  6:29  Zealot x2, Sentry  
  80  6:31  Probe  
  87  6:34  Probe, Observer  
  87  6:52  Stalker x3  
  83  7:00  Probe x2  
  79  7:02  Colossus (Chrono Boost)  
  85  7:10  Probe  
  85  7:12  Probe  
  85  7:14  Probe  
  88  7:16  Zealot x3, Forge  
  88  7:18  Phoenix  
  96  7:34  Probe x3  
  97  7:42  Assimilator  
  97  7:43  Phoenix (Chrono Boost), Colossus (Chrono Boost)  
  97  7:44  Pylon, Assimilator  
  99  7:45  Observer  
  99  7:49  Gateway  
  99  7:50  Pylon, Probe  
  106  7:52  Photon Cannon  
  106  7:53  Protoss Ground Weapons Level 1  
  106  7:56  Gateway  
  106  7:59  Probe  
  106  8:03  Probe  
  106  8:04  Probe  
  106  8:05  Phoenix (Chrono Boost)  
  109  8:07  Extended Thermal Lance (Chrono Boost)  
  109  8:10  Photon Cannon  
  109  8:11  Probe  
  112  8:15  Probe  
  112  8:18  Probe  
  112  8:19  Zealot x2  
  118  8:20  Sentry  
  118  8:25  Pylon  
  120  8:36  Nexus  
  120  8:37  Twilight Council  
  120  8:40  Pylon  
  120  8:41  Probe  
  120  8:44  Phoenix, Colossus (Chrono Boost)  
  128  8:56  Pylon, Zealot  
  128  8:58  Sentry  
  128  8:59  Adept  
  128  9:01  Sentry  
  136  9:03  Zealot  
  132  9:18  Probe x3  
  132  9:21  Phoenix  
  132  9:23  Zealot x4  
  145  9:26  Stalker  
  145  9:29  Colossus (Chrono Boost)  
  135  9:40  Zealot  
  135  9:45  Zealot x4  
  121  9:47  Phoenix  
  117  9:57  Zealot, Stalker  
  117  9:58  Zealot x2  
  108  10:10  Protoss Ground Armor Level 1 (Chrono Boost)  
  108  10:11  Stalker  
  108  10:12  Phoenix, Colossus (Chrono Boost)  
  108  10:13  Charge  
  106  10:20  Stalker, Sentry  
  116  10:22  Shield Battery  
  116  10:24  Probe (Chrono Boost)  
  116  10:26  Probe x3 (Chrono Boost)  
  120  10:29  Gateway  
  120  10:31  Gateway  
  120  10:33  Dark Shrine, Probe (Chrono Boost)  
  120  10:34  Zealot, Phoenix, Shield Battery  
  120  10:35  Zealot  
  128  10:36  Probe x3 (Chrono Boost)  
  130  10:48  Zealot  
  132  10:54  Colossus (Chrono Boost)  
  138  10:57  Forge  
  138  11:00  Zealot, Stalker  
  138  11:01  Phoenix (Chrono Boost)  
  138  11:02  Observer  
  144  11:15  Zealot x3  
  150  11:18  Pylon  
  150  11:19  Pylon  
  150  11:21  Photon Cannon, Pylon  
  150  11:23  Phoenix (Chrono Boost)  
  151  11:26  Protoss Air Weapons Level 1 (Chrono Boost)  
  151  11:35  Protoss Ground Weapons Level 2 (Chrono Boost), Photon Cannon  
  151  11:37  Photon Cannon  
  151  11:38  Shield Battery  
  151  11:39  Shield Battery  
  151  11:40  Shield Battery  
  151  11:42  Zealot x4  
  151  11:44  Warp Prism (Chrono Boost)  
  161  11:53  Dark Templar x2  
  165  11:59  Archon  
  161  12:05  Dark Templar x2  
  165  12:14  Dark Templar x2, Archon, Stalker  
  170  12:16  Disruptor (Chrono Boost)  
  170  12:20  Archon  
  172  12:27  Stalker x2  
  172  12:37  Gateway  
  172  12:38  Gateway  
  172  12:40  Pylon, Zealot, Stalker  
  172  12:41  Zealot  
  154  12:51  Zealot x3  
  154  12:52  Zealot  
  154  12:55  Immortal (Chrono Boost)  
  138  13:02  Phoenix, Stalker x2  
  136  13:11  Zealot x2  
  136  13:12  Zealot x3  
  138  13:21  Protoss Ground Armor Level 2 (Chrono Boost)  
  138  13:24  Pylon  
  138  13:26  Zealot x2  
  138  13:29  Immortal (Chrono Boost)  
  138  13:32  Zealot x2  
  138  13:33  Zealot x2  
  149  13:38  Dark Templar x2  
  153  13:49  Dark Templar x2  
  157  13:58  Zealot x3  
  157  13:59  Zealot x2, Archon  
  155  14:11  Stalker x2  
  122  14:17  Colossus (Chrono Boost)  
  122  14:22  Zealot x5  
  130  14:30  Sentry  
  132  14:35  Pylon  
  132  14:37  Pylon  
  132  14:46  Phoenix  
  134  14:56  Dark Templar  
  134  14:58  Nexus  
  136  15:01  Disruptor (Chrono Boost)  
  136  15:05  Probe x4  
  142  15:10  Dark Templar  
  142  15:11  Dark Templar, Sentry  
  148  15:15  Archon  
  148  15:26  Zealot x3  
  148  15:27  Zealot x2  
  156  15:32  Dark Templar  
  143  15:47  Dark Templar x2, Stalker x2  
Show
View Real Time Build Order
Export as new Build Order

HeroMarine Terran 

Build Orders:  

Get SALT Encoding   

  12  0:00  SCV  
  13  0:12  SCV  
  14  0:17  Supply Depot  
  14  0:24  SCV  
  15  0:39  SCV  
  15  0:40  Barracks  
  16  0:42  Refinery  
  16  0:51  SCV  
  16  0:52  Refinery  
  17  1:03  SCV  
  18  1:15  SCV  
  19  1:27  Orbital Command, Reaper  
  19  1:28  Supply Depot  
  20  1:42  Factory  
  20  1:53  SCV  
  21  1:59  Reaper  
  22  2:05  SCV  
  23  2:15  Command Center  
  23  2:17  SCV  
  24  2:25  Hellion  
  24  2:29  SCV  
  27  2:31  Barracks Reactor  
  27  2:40  Starport  
  27  2:41  SCV  
  27  2:44  Supply Depot  
  28  2:50  Widow Mine  
  30  2:53  SCV  
  31  3:05  SCV  
  32  3:16  Marine x2  
  32  3:18  Medivac, SCV  
  38  3:24  Factory Tech Lab  
  33  3:28  Orbital Command  
  33  3:30  SCV  
  33  3:34  Marine x2  
  36  3:42  SCV  
  36  3:43  Cyclone  
  36  3:48  Viking  
  42  3:52  Marine x2  
  42  3:54  SCV x2  
  46  3:59  Supply Depot  
  46  4:06  SCV x2  
  46  4:09  Marine  
  48  4:10  Marine, Supply Depot  
  48  4:15  Cyclone  
  53  4:18  SCV  
  53  4:20  SCV  
  53  4:21  Viking  
  57  4:26  Supply Depot  
  57  4:27  Marine x2  
  57  4:31  SCV  
  60  4:33  SCV  
  61  4:43  SCV  
  61  4:45  Marine x2, SCV  
  63  4:50  Cyclone  
  68  4:54  Supply Depot  
  68  4:55  SCV  
  68  4:57  SCV  
  70  5:02  Viking  
  70  5:03  Marine x2  
  73  5:07  SCV  
  73  5:09  SCV  
  68  5:19  SCV  
  68  5:21  Marine x2, SCV  
  70  5:27  Command Center  
  68  5:31  SCV  
  68  5:33  SCV  
  68  5:38  Marine  
  68  5:39  Marine  
  68  5:41  Barracks  
  61  5:43  SCV  
  61  5:44  Siege Tank  
  61  5:45  Starport Tech Lab, SCV  
  66  5:55  SCV  
  66  5:56  Marine x2  
  68  5:57  SCV  
  68  5:59  Refinery  
  68  6:02  Engineering Bay  
  68  6:04  Raven  
  71  6:07  SCV  
  71  6:09  Barracks, SCV  
  73  6:14  Marine x2  
  73  6:18  Siege Tank, Barracks  
  78  6:19  Barracks, SCV  
  78  6:21  SCV  
  78  6:23  Refinery  
  80  6:29  Terran Infantry Weapons Level 1  
  80  6:32  Marine x2  
  82  6:33  SCV x2  
  82  6:34  Missile Turret  
  82  6:36  Missile Turret  
  84  6:45  SCV  
  84  6:46  Marine, SCV  
  82  6:50  Marine  
  82  6:52  Marine  
  72  6:55  Siege Tank  
  72  6:57  SCV  
  72  6:58  Marine, SCV  
  71  7:04  Marine  
  71  7:08  Marine  
  72  7:09  SCV  
  72  7:10  Marine x3, SCV  
  72  7:11  Stimpack  
  77  7:15  Refinery  
  77  7:20  Orbital Command  
  77  7:21  SCV  
  77  7:22  Marine  
  80  7:24  Barracks Tech Lab  
  80  7:25  Marine, SCV  
  80  7:27  Siege Tank  
  80  7:28  Marine x3  
  85  7:33  SCV  
  84  7:38  SCV  
  84  7:39  Marine  
  84  7:40  Orbital Command  
  84  7:43  Marine  
  87  7:46  Marine x3, SCV  
  87  7:47  Starport Reactor  
  87  7:50  SCV  
  92  7:51  Marine, Combat Shield  
  92  7:57  Marine  
  92  7:58  SCV  
  95  7:59  Siege Tank  
  95  8:00  Missile Turret  
  95  8:01  Marine  
  95  8:02  SCV  
  101  8:08  Supply Depot  
  101  8:09  Supply Depot  
  101  8:12  Marine x2, SCV  
  105  8:14  Barracks Reactor, Barracks Tech Lab, SCV, Supply Depot  
  105  8:15  SCV, Supply Depot  
  105  8:22  Supply Depot  
  105  8:24  SCV  
  105  8:26  SCV  
  107  8:27  SCV  
  107  8:30  Medivac x2  
  107  8:31  Siege Tank, Refinery  
  107  8:33  Refinery  
  115  8:35  Bunker  
  115  8:36  Marauder x2  
  115  8:37  Concussive Shells  
  115  8:39  Marauder  
  115  8:41  SCV x2  
  123  8:46  Marine x2  
  125  8:48  Terran Infantry Armor Level 1  
  125  8:52  SCV  
  125  8:53  SCV x2, Supply Depot  
  128  8:56  Marine x2  
  128  8:58  Marauder  
  128  9:00  Marauder  
  128  9:01  Marine  
  135  9:04  Medivac, Marine, SCV  
  138  9:16  Marine x2  
  140  9:19  Marauder x2  
  140  9:23  SCV x3  
  147  9:24  Siege Tank  
  147  9:25  Medivac  
  147  9:27  Supply Depot  
  147  9:28  Supply Depot  
  147  9:30  Marine  
  151  9:33  Supply Depot  
  151  9:34  Medivac  
  142  9:40  Marauder  
  142  9:42  Marauder, Marine x2  
  142  9:43  Marine x2  
  133  9:48  Marine  
  125  9:54  SCV x3  
  120  10:00  Marine x2  
  120  10:01  Marauder, Marine  
  120  10:02  Marauder  
  120  10:03  Marauder  
  120  10:06  SCV x2  
  120  10:08  Marine, SCV  
  118  10:18  Medivac, Marine  
  118  10:19  Medivac  
  120  10:23  Marauder  
  120  10:24  Marauder  
  120  10:27  Siege Tank  
  126  10:32  Ghost Academy  
  126  10:39  Marauder, Marine x3  
  126  10:40  Marine  
  126  10:42  Armory  
  132  10:44  Marauder, Marine  
  131  10:59  Siege Tank  
  131  11:00  Viking  
  131  11:01  Marauder, Viking  
  131  11:03  Ghost  
  142  11:05  Ghost  
  142  11:06  Marine x3  
  142  11:11  Missile Turret  
  145  11:18  Marine  
  145  11:21  Ghost  
  145  11:23  Marine  
  145  11:24  Marine  
  150  11:30  Viking x2, Marine  
  150  11:31  Ghost  
  150  11:32  Siege Tank  
  160  11:34  Marauder, Terran Infantry Weapons Level 2  
  160  11:35  Supply Depot  
  160  11:36  Marine  
  160  11:38  Supply Depot  
  163  11:41  Marine  
  164  11:51  Marauder  
  164  11:53  Marine  
  166  11:55  Marauder  
  166  11:56  Marine x2  
  166  12:00  Marauder, Viking x2  
  175  12:04  Siege Tank  
  177  12:12  Marauder  
  177  12:14  Marine x2  
  178  12:17  Marauder  
  178  12:22  Marauder  
  182  12:30  Viking x2  
  182  12:33  Marauder  
  188  12:38  Marine  
  188  12:39  Marauder, Marine  
  188  12:43  Marine  
  189  12:47  Marauder, Marine  
  189  12:48  Siege Tank  
  173  12:55  Marauder  
  173  12:58  Marine x2  
  135  13:00  Marauder  
  135  13:01  Marine  
  135  13:05  Marine  
  129  13:08  Marauder  
  127  13:13  Medivac  
  127  13:14  Medivac  
  127  13:16  Marauder, Marine x2  
  127  13:19  Marine  
  136  13:21  Marine  
  136  13:23  Marine  
  136  13:25  Siege Tank  
  141  13:29  Marine  
  141  13:34  Marine x2  
  142  13:37  Marine  
  142  13:38  Marauder  
  142  13:39  Marauder  
  142  13:41  Marine  
  150  13:47  Marauder  
  152  13:50  Medivac x2  
  152  13:52  Marine x2  
  152  13:55  Marine  
  157  13:57  Siege Tank  
  157  13:58  Marine  
  157  13:59  Marauder  
  157  14:00  Marine  
  162  14:09  Marauder, Marine x2  
  154  14:12  Marine  
  154  14:16  Marine  
  121  14:19  Marauder  
  121  14:20  Marauder  
  114  14:26  Starport  
  114  14:29  Ghost  
  118  14:31  Siege Tank  
  118  14:38  Orbital Command  
  121  14:41  Viking  
  121  14:43  Ghost  
  121  14:45  Ghost  
  125  14:54  Viking  
  127  15:00  Marine x2  
  127  15:01  Marine  
  127  15:04  Starport Reactor  
  130  15:10  Ghost  
  132  15:14  Ghost  
  133  15:22  Missile Turret  
  133  15:25  Ghost  
Tags
 
Add a new tag
Caveats
  • Supply blocks, unpowered buildings, or Contaminate may cause inaccurate times.
  • Supply counts are checked every 10 seconds.